 Dungeon Crawl Stone Soup version 0.20.1-1-g8b1a95d (webtiles) character file.

662 manon the Slasher (level 7, -1/40 HPs)
             Began as a Gargoyle Gladiator on Sept 8, 2017.
             Was a Follower of Ashenzari.
             Slain by an ogre
             ... wielding a +0 giant spiked club
              (16 damage)
             ... on level 5 of the Dungeon.
             The game lasted 00:11:58 (4252 turns).

manon the Slasher (Gargoyle Gladiator)              Turns: 4252, Time: 00:11:59

Health: -1/40      AC:  8    Str: 20    XL:     7   Next: 56%
Magic:  7/7        EV: 14    Int:  9    God:    Ashenzari [*.....]
Gold:   45         SH:  0    Dex: 13    Spells: 6/6 levels left

rFire    . . .     SeeInvis .   a - +0 long sword
rCold    . . .     Gourm    .   (no shield)
rNeg     + . .     Faith    .   b - +0 leather armour
rPois    ∞         Spirit   .   c - +0 helmet
rElec    +         Reflect  .   (no cloak)
rCorr    .         Harm     .   (no gloves)
MR       .....                  (no boots)
Stlth    +.........             (no amulet)
Regen    0.2/turn               v - +3 ring of strength
MPRegen  0.1/turn               (no ring)

@: no status effects
A: negative energy resistance 1, electricity resistance, unbreathing,
petrification resistance, rot immunity, AC +4
a: Curse Item, Scrying, Renounce Religion


You were on level 5 of the Dungeon.
You worshipped Ashenzari.
Ashenzari was aware of your devotion.
You were not hungry.

You visited 1 branch of the dungeon, and saw 5 of its levels.

You collected 171 gold pieces.
You spent 126 gold pieces at shops.

Inventory:

Hand Weapons
 a - a +0 long sword (weapon)
 A - a +0 hunting sling
 D - a cursed -2 hunting sling
Missiles
 d - 3 throwing nets (quivered)
 h - 32 sling bullets
 i - 96 bolts
Armour
 b - a +0 leather armour (worn)
 c - a +0 helmet (worn)
Jewellery
 v - a +3 ring of strength (left hand)
Scrolls
 k - 2 scrolls of teleportation
 l - 3 scrolls of identify
 m - 3 scrolls of enchant armour
 n - 3 scrolls of enchant weapon
 q - a scroll of amnesia {unknown}
 r - 2 scrolls of recharging {unknown}
 u - a scroll of fog {unknown}
 x - a scroll of fear {unknown}
 y - 2 scrolls of remove curse
 C - a scroll of blinking {unknown}
Potions
 e - a potion of cancellation {unknown}
 j - 4 potions of flight {unknown}
 o - 3 potions of curing
 p - 3 potions of haste {unknown}
 s - a potion of magic {unknown}
 t - a potion of heal wounds {unknown}
 w - a potion of berserk rage {unknown}
 z - 2 potions of resistance {unknown}
 B - a potion of degeneration {unknown}
Comestibles
 f - 5 bread rations
 g - 4 meat rations
 E - 6 chunks of flesh


   Skills:
 - Level 2.1 Fighting
 * Level 6.5 Long Blades
 - Level 1.7 Throwing
 + Level 4.5 Dodging


You had 6 spell levels left.
You didn't know any spells.

Dungeon Overview and Level Annotations

Branches:
Dungeon (5/15)             Temple (0/1) D:4

Altars:
Ashenzari
Cheibriados
Sif Muna
Trog
Uskayaw
Vehumet

Shops:
D:4 *

Annotations:
D:3 simples's ghost, amateur GrGl


Innate Abilities, Weirdness & Mutations

You are resistant to torment.
Your stone body is resilient. (AC +4)
You are immune to poison.
You resist negative energy. (rN+)
You are resistant to electric shocks. (rElec)
You can survive without breathing.
You are immune to petrification.
You are immune to rotting.


Message History

You hit the centaur.
The centaur is severely wounded.
The centaur hits you but does no damage.
The centaur closely misses you.
You hit the centaur.
You kill the centaur!
Things that are here:
an uncursed shortbow; 7 arrows; a centaur corpse You butcher the centaur corpse.
E - 6 chunks of flesh
Things that are here:
an uncursed shortbow; 7 arrows An ogre comes into view.
It is wielding a giant spiked club.
The ogre shouts!
The ogre hits you with a giant spiked club!!
You are too injured to fight recklessly!
You are too injured to fight recklessly!
You hit the ogre but do no damage.
The ogre hits you with a giant spiked club!
You die...

##...## #.
##...#
#..###.).#
#.......##
#..###...##
###..##
###....#
#......#
#...@..#
#....O..#
##......#
#......#
##....##
###.## ###


You could see an ogre.

Vanquished Creatures
  2 ice beasts (D:5)
  An ogre (D:5)
  A centaur (D:5)
  3 hounds
  An iguana (D:3)
  2 worker ants
  5 adders
  A shadow imp (D:4)
  2 oozes
  4 dart slugs
  5 leopard geckos
  6 orcs
  3 giant cockroaches
  7 hobgoblins
  7 jackals
  2 quokkas
  10 bats
  A frilled lizard (D:3)
  8 goblins
  9 kobolds
  A leopard gecko skeleton (D:4)
  A quokka zombie (D:5)
  7 rats
89 creatures vanquished.

Notes
Turn   | Place    | Note
-------+----------+-------------------------------------------
     0 | D:1      | manon the Gargoyle Gladiator began the quest for the Orb.
     0 | D:1      | Reached XP level 1. HP: 12/12 MP: 1/1
    20 | D:1      | Reached skill level 3 in Long Blades
    25 | D:1      | Reached XP level 2. HP: 10/17 MP: 2/2
   743 | D:1      | Reached XP level 3. HP: 21/21 MP: 3/3
  1264 | D:2      | Reached XP level 4. HP: 26/26 MP: 4/4
  1706 | D:3      | Found a shattered altar of Ashenzari.
  1713 | D:3      | Reached skill level 4 in Long Blades
  1722 | D:3      | Became a worshipper of Ashenzari the Shackled
  2066 | D:3      | Reached XP level 5. HP: 30/30 MP: 5/5
  2128 | D:3      | Found a deep blue altar of Sif Muna.
  2848 | D:3      | Noticed simples's ghost (amateur GrGl)
  3006 | D:4      | Reached * piety under Ashenzari
  3045 | D:4      | Found a snail-covered altar of Cheibriados.
  3152 | D:4      | Found a staircase to the Ecumenical Temple.
  3267 | D:4      | Found Plog's General Store.
  3289 | D:4      | Bought a scroll of teleportation for 42 gold pieces
  3289 | D:4      | Bought a scroll of remove curse for 42 gold pieces
  3289 | D:4      | Bought a scroll of remove curse for 42 gold pieces
  3352 | D:4      | Reached skill level 5 in Long Blades
  3352 | D:4      | Reached XP level 6. HP: 35/35 MP: 6/6
  3510 | D:5      | Entered Level 5 of the Dungeon
  3525 | D:5      | Found a bloodstained altar of Trog.
  3602 | D:5      | Noticed an ice beast
  3647 | D:5      | Killed an ice beast
  3767 | D:5      | Noticed an ice beast
  3822 | D:5      | Killed an ice beast
  3822 | D:5      | Reached skill level 6 in Long Blades
  3822 | D:5      | Reached XP level 7. HP: 35/40 MP: 7/7
  4000 | D:5      | Found a radiant altar of Vehumet.
  4048 | D:5      | Found a hide-covered altar of Uskayaw.
  4252 | D:5      | Slain by an ogre

Skill      XL: |  1  2  3  4  5  6 |
---------------+-------------------+-----
Long Blades    | 3 4 5 6 |  6.5
Dodging        | 3 4 |  4.5
Fighting       | |  2.1
Throwing       | |  1.7

Action                   |  1- 3 |  4- 6 |  7- 9 || total
-------------------------+-------+-------+-------++-------
Melee: Long sword        |    90 |   181 |    32 ||   303
  Use: Scroll            |       |     2 |       ||     2
       Potion            |       |     1 |       ||     1
  Eat: Chunk             |     1 |     8 |       ||     9
       Meat ration       |       |       |     1 ||     1
Armor: Leather armour    |    43 |    80 |     9 ||   132
Dodge: Dodged            |    79 |   131 |    26 ||   236
       Rpst.: Long sword |    25 |    40 |     6 ||    71
